cohdb
Replays
Latest Replays
All Replays
Popular Replays
Top Player Replays
Match Explorer
How It Works
Community
CoH3 Stats
Reddit
Sign in to upload your games and track your stats! →
Sign in with Steam
Match 41438947
Unlisted
Match 41438947
Overview
Messages
Build Orders
End
Construct Infanterie Kompanie
Pioneer Squad
MG 42 Machine Gun Team
Selects Breakthrough Battlegroup
Selects Assault Grenadiers
Grenadier Squad
GrW 34 Mortar Team
Infanterie Officer Quarters
Construct Panzergrenadier Kompanie
Grenadier Squad
Selects Rapid Production
Medical Station
251 Medium Carrier
Panzergrenadier Squad
Panzergrenadier Officer Quarters
Support Elements
StuG III G Assault Gun
Panzergrenadier Squad
StuG III G Assault Gun
Side Skirts
Pak 40 Anti-tank Gun Team
Selects Blitzkrieg
Gatom
Stug Life
Mustache and Melons
Drozdy3
Hajtunio
Gonsiorr
0
0
Comments
sign in to comment!
No comments posted yet!